 Dungeon Crawl Stone Soup version 0.29.1 (webtiles) character file.

Game seed: 7344943019626278762

4879 qw the Cleaver (level 10, -3/87 (88) HPs)
             Began as a Minotaur Berserker on Sept 13, 2022.
             Was an Elder of Trog.
             Slain by an orc
             ... wielding the +9 mace "Gulaetat" {antimagic, Str+2 Stlth+}
              (4 damage)
             ... on level 9 of the Dungeon.
             The game lasted 00:02:52 (10812 turns).

qw the Cleaver (Minotaur Berserker)                Turns: 10812, Time: 00:02:53

HP:   -3/87 (88)    AC: 16    Str: 30    XL:     10   Next: 26%
MP:   7/9           EV:  8    Int:  4    God:    Trog [****..]
Gold: 499           SH:  0    Dex: 10    Spells: 9/9 levels left

rFire   + . .      SeeInvis .   Y - +0 war axe (drain)
rCold   + . .      Faith    .   (no shield)
rNeg    + . .      Spirit   .   s - +0 plate armour
rPois   .          Reflect  .   (helmet restricted)
rElec   +          Harm     .   g - +0 cloak
rCorr   .          Rampage  .   (no gloves)
Will    .....                   c - +1 pair of boots of the Elephant {rElec rN+ Str+4}
Stlth   ..........              (no amulet)
HPRegen 0.24/turn               k - ring of protection from fire
MPRegen 0.11/turn               h - ring of protection from cold

@: about to teleport, on berserk cooldown, slowed, lightly drained, very slow
A: horns 2, retaliatory headbutt
a: Renounce Religion, Berserk, Trog's Hand, Brothers in Arms


You were on level 9 of the Dungeon.
You worshipped Trog.
Trog was greatly pleased with you.
You visited 1 branch of the dungeon, and saw 9 of its levels.
You also visited: Sewer.

You collected 499 gold pieces.


Innate Abilities, Weirdness & Mutations

You have a pair of horns on your head.
You reflexively headbutt those who attack you in melee.


   Skills:
 - Level 8.1 Fighting
 + Level 14.6 Axes
 - Level 3.3 Throwing
 - Level 7.0 Armour
 - Level 3.2 Dodging


You had 9 spell levels left.
You didn't know any spells.
Your spell library was empty.

Inventory:

Hand Weapons
 j - a +0 morningstar
 Y - a +0 war axe of draining (weapon)
Armour
 c - the +1 pair of boots of the Elephant (worn) {rElec rN+ Str+4}
   (You found it on level 5 of the Dungeon)

   Str:       It affects your strength (+4).
   rElec:     It insulates you from electricity.
   rN:        It protects you from negative energy.
 g - a +0 cloak (worn)
 s - a +0 plate armour (worn)
Jewellery
 b - a +6 ring of dexterity
 h - a ring of protection from cold (right hand)
 k - a ring of protection from fire (left hand)
Scrolls
 a - a scroll of identify
 p - 2 scrolls of teleportation
Potions
 e - 2 potions of curing
 f - 2 potions of cancellation
 m - 6 potions of mutation
 o - a potion of resistance
 q - a potion of haste
 r - a potion of might

Dungeon Overview and Level Annotations

Branches:
Dungeon (9/15)             Temple (0/1) D:7           Sewer (visited)
   Lair: D:8-11         Orc: D:9-12

Altars:
Cheibriados
Elyvilon
Okawaru
Xom
The Shining One


Message History

You closely miss the orc. You closely miss the howler monkey.
The howler monkey hoots and howls with incredible vigour!
The orc hits you but does no damage.
The howler monkey hits you but does no damage.
You hear an angry hiss.
You slice the howler monkey!!
You kill the howler monkey!
Trog accepts your kill.
You slash the wight! You slash the orc!
You kill the orc!
Trog accepts your kill. The wight hits you with a +0 battleaxe!
The howler monkey hoots and howls with incredible vigour!
You hit the wight. Your headbutt misses the wight.
The wight is severely damaged.
You hit the centaur. You barely miss the orc.
The centaur unwields a +0 shortbow.
The centaur hits you.
The centaur kicks you but does no damage.
The wight barely misses you.
The orc hits you with the +9 mace "Gulaetat" {antimagic, Str+2 Stlth+}!
You feel your power leaking away.
The centaur closely misses you. x2; The orc barely misses you.
You furiously retaliate!
You headbutt the orc. The wight hits you with a +0 battleaxe!
You partially resist.
You feel drained.
10811 ||| READING 3 scrolls of teleportation.
As you read the scroll of teleportation, it crumbles to dust.
You feel strangely unstable.
The centaur hits you but does no damage.
The centaur kicks you but does no damage.
The centaur barely misses you. You furiously retaliate!
You headbutt the centaur. The centaur kicks you. The wight barely misses you.
The wight hits you but does no damage. The orc barely misses you.
You hit the wight but do no damage. Your headbutt misses the wight.
The wight is severely damaged.
You hit the centaur but do no damage. You hit the orc. You drain the orc.
The centaur completely misses you.
The centaur kicks you but does no damage.
The wight barely misses you. The wight hits you with a +0 battleaxe!
The orc hits you with the +9 mace "Gulaetat" {antimagic, Str+2 Stlth+}.
You die...

#######...####
........<....+
#######...####
##).## #..##
#.## #.# #.#
#@# #...cozz..#
......zohz.....
.......((...##.
............#
..............
...............
..##........)..


You could see a centaur, a howler monkey, 4 wights, an orc priest and an orc
(very drained).

Vanquished Creatures
  Pikel (D:7)
  Joseph (D:8)
  Maggie (D:7)
  A komodo dragon (D:8)
  Prince Ribbit (D:7)
  A wyvern (D:7)
  A steam dragon (D:8)
  A warg (D:9)
  A water moccasin (D:6)
  2 orc warriors
  2 black bears (D:4)
  An ogre (D:4)
  5 centaurs
  A lemure (D:7)
  An elf zombie (D:5)
  A kobold brigand (D:8)
  3 bullfrogs (D:8)
  4 necrophages
  A scorpion (D:6)
  2 elf skeletons (D:5)
  5 howler monkeys
  A human zombie (D:5)
  3 jellies
  A gnoll bouda (D:5)
  2 hounds
  6 orc priests
  5 iguanas
  A human skeleton (D:5)
  3 orc wizards
  13 gnolls
  16 adders
  5 river rats (Sewer)
  A shadow imp (D:5)
  An ufetubus (D:6)
  6 worms
  2 dart slugs
  19 orcs
  8 endoplasms
  8 giant cockroaches
  6 goblins
  5 hobgoblins
  2 jackals (Sewer)
  3 quokkas
  12 ball pythons
  14 bats
  12 frilled lizards
  10 kobolds
  An orc skeleton (D:5)
  5 rats
208 creatures vanquished.

Vanquished Creatures (others)
  6 plants (D:8)
6 creatures vanquished.

Grand Total: 214 creatures vanquished

Notes
Turn   | Place    | Note
-------+----------+-------------------------------------------
     0 | D:1      | qw the Minotaur Berserker began the quest for the Orb.
     0 | D:1      | Reached XP level 1. HP: 19/19 MP: 0/0
     0 | D:1      | 0 ||| qw: Version: 0.1-a-119-g272c26d
     0 | D:1      | 0 ||| qw: Game counter: 11207
     0 | D:1      | 0 ||| qw: Always use a shield: true
     0 | D:1      | 0 ||| qw: Do Orc after D:15 true
     0 | D:1      | 0 ||| qw: Do second Lair branch before Depths: true
     0 | D:1      | 0 ||| qw: Lair rune preference: random
     0 | D:1      | 0 ||| qw: Plans: Normal
     0 | D:1      | 0 ||| PLANNING D:1-11
    28 | D:1      | 28 ||| Stepping ~*~*~tactically~*~*~ (stealth).
    60 | D:1      | 60 ||| Stepping ~*~*~tactically~*~*~ (stealth).
   119 | D:1      | Reached skill level 4 in Axes
   213 | D:1      | 213 ||| INVOKING Berserk.
   215 | D:1      | Reached XP level 2. HP: 26/26 MP: 1/1
   945 | D:1      | 945 ||| UPGRADING to +0 leather armour.
   955 | D:1      | 955 ||| DROPPING +0 animal skin.
   956 | D:1      | 956 ||| UPGRADING to +0 cloak.
   961 | D:1      | 961 ||| UPGRADING to +0 ring mail.
   971 | D:1      | 971 ||| DROPPING +0 leather armour.
   972 | D:1      | 972 ||| UPGRADING to ring of protection from fire.
   973 | D:1      | 973 ||| READING scroll labelled GAFET ULUU.
  1111 | D:1      | 1111 ||| READING scroll labelled QOROSTE TUIMO.
  1116 | D:1      | 1116 ||| READING scroll labelled GOXUEB ENWE.
  1117 | D:1      | 1117 ||| READING scroll labelled PUH JEYRRI.
  1118 | D:1      | 1118 ||| READING scroll labelled IKOUSTR FUFA.
  1147 | D:2      | Reached skill level 5 in Axes
  1193 | D:2      | Reached XP level 3. HP: 18/31 MP: 2/2
  1232 | D:2      | 1232 ||| Stepping ~*~*~tactically~*~*~ (stealth).
  1399 | D:2      | 1399 ||| Stepping ~*~*~tactically~*~*~ (stealth).
  1399 | D:2      | Reached ** piety under Trog
  1405 | D:2      | 1405 ||| INVOKING Berserk.
  1406 | D:2      | 1406 ||| INVOKING Berserk.
  1557 | D:2      | 1557 ||| Stepping ~*~*~tactically~*~*~ (hiding).
  1560 | D:2      | 1560 ||| INVOKING Berserk.
  1563 | D:2      | Reached skill level 6 in Axes
  1563 | D:2      | Reached XP level 4. HP: 39/39 MP: 3/3
  1709 | D:2      | 1709 ||| Stepping ~*~*~tactically~*~*~ (stealth).
  1873 | D:2      | Found a faded altar of an unknown god.
  1958 | D:2      | 1958 ||| Stepping ~*~*~tactically~*~*~ (stealth).
  2490 | D:2      | 2490 ||| DROPPING amulet of magic regeneration.
  2491 | D:2      | 2491 ||| UPGRADING to +6 ring of dexterity.
  2492 | D:2      | 2492 ||| READING 2 scrolls labelled FYFUOSCHYUT.
  2493 | D:2      | 2493 ||| DROPPING scroll of fog.
  2589 | D:3      | Found a shimmering altar of Xom.
  2605 | D:3      | 2605 ||| DRINKING 2 viscous dark potions.
  2606 | D:3      | 2606 ||| DROPPING potion of brilliance.
  2607 | D:3      | 2607 ||| Stepping randomly (stuck).
  2608 | D:3      | 2608 ||| Stepping randomly (stuck).
  2609 | D:3      | 2609 ||| Stepping randomly (stuck).
  2610 | D:3      | 2610 ||| Stepping randomly (stuck).
  2611 | D:3      | 2611 ||| Stepping randomly (stuck).
  2612 | D:3      | 2612 ||| Stepping randomly (stuck).
  2613 | D:3      | 2613 ||| Stepping randomly (stuck).
  2614 | D:3      | 2614 ||| Stepping randomly (stuck).
  2615 | D:3      | 2615 ||| Stepping randomly (stuck).
  2704 | D:3      | 2704 ||| Stepping ~*~*~tactically~*~*~ (stealth).
  2711 | D:3      | Reached XP level 5. HP: 45/45 MP: 4/4
  2751 | D:3      | Reached skill level 7 in Axes
  2879 | D:3      | Found a snail-covered altar of Cheibriados.
  2895 | D:3      | 2895 ||| Stepping ~*~*~tactically~*~*~ (stealth).
  2896 | D:3      | 2896 ||| Stepping ~*~*~tactically~*~*~ (stealth).
  2897 | D:3      | 2897 ||| Stepping ~*~*~tactically~*~*~ (stealth).
  3207 | D:3      | 3207 ||| READING scroll labelled NUIWOF ERCHIUHOIMM.
  3208 | D:3      | 3208 ||| READING scroll labelled ICITAE JUTO.
  3220 | D:4      | 3220 ||| PLANNING SEWER
  3272 | D:4      | Found a glowing drain.
  3278 | D:4      | 3278 ||| Stepping randomly (stuck).
  3279 | D:4      | 3279 ||| Stepping randomly (stuck).
  3280 | D:4      | 3280 ||| Stepping randomly (stuck).
  3281 | D:4      | 3281 ||| Stepping randomly (stuck).
  3282 | D:4      | 3282 ||| Stepping randomly (stuck).
  3283 | D:4      | 3283 ||| Stepping randomly (stuck).
  3284 | D:4      | 3284 ||| Stepping randomly (stuck).
  3302 | Sewer    | Entered a sewer
  3481 | Sewer    | Reached *** piety under Trog
  3582 | Sewer    | 3582 ||| Stepping ~*~*~tactically~*~*~ (water).
  3885 | Sewer    | Reached XP level 6. HP: 52/52 MP: 5/5
  3934 | Sewer    | 3934 ||| Stepping ~*~*~tactically~*~*~ (water).
  3942 | Sewer    | Reached skill level 8 in Axes
  4209 | Sewer    | 4209 ||| READING 6 scrolls labelled KUGITELLEG.
  4210 | Sewer    | 4210 ||| READING scroll labelled BOWA XUOBUU.
  4211 | Sewer    | 4211 ||| READING 3 scrolls of identify.
  4211 | Sewer    | 4211 ||| IDENTIFYING smoky pink potion
  4212 | Sewer    | 4212 ||| READING 2 scrolls of identify.
  4212 | Sewer    | 4212 ||| IDENTIFYING bubbling green potion
  4213 | Sewer    | 4213 ||| DROPPING 5 scrolls of blinking.
  4214 | Sewer    | 4214 ||| DROPPING potion of lignification.
  4215 | Sewer    | 4215 ||| DROPPING potion of degeneration.
  4216 | Sewer    | 4216 ||| DROPPING potion of flight.
  4239 | D:4      | 4239 ||| PLANNING D:1-11
  4267 | D:4      | 4267 ||| Stepping ~*~*~tactically~*~*~ (hiding).
  4279 | D:4      | Reached skill level 9 in Axes
  4355 | D:4      | Reached XP level 7. HP: 57/60 MP: 6/6
  4404 | D:4      | Reached **** piety under Trog
  4446 | D:4      | Found a white marble altar of Elyvilon.
  4593 | D:4      | 4593 ||| INVOKING Berserk.
  4776 | D:4      | 4776 ||| INVOKING Berserk.
  4779 | D:4      | Reached skill level 3 in Dodging
  5280 | D:4      | 5280 ||| UPGRADING to +0 pair of boots.
  5285 | D:4      | 5285 ||| READING 2 scrolls of identify.
  5285 | D:4      | 5285 ||| IDENTIFYING smoky white potion
  5286 | D:4      | 5286 ||| DROPPING potion of attraction.
  5309 | D:5      | Entered Level 5 of the Dungeon
  5310 | D:5      | 5310 ||| PLANNING OSSUARY
  5368 | D:5      | Identified the +1 pair of boots of the Elephant {rElec rN+
                  | Str+4}
  5418 | D:5      | 5418 ||| INVOKING Berserk.
  5563 | D:5      | 5563 ||| DROPPING +0 whip.
  5630 | D:5      | 5630 ||| READING scroll of enchant armour.
  5630 | D:5      | 5630 ||| ENCHANTING +0 pair of boots.
  5681 | D:5      | 5681 ||| Stepping ~*~*~tactically~*~*~ (stealth).
  5683 | D:5      | 5683 ||| Stepping ~*~*~tactically~*~*~ (hiding).
  5685 | D:5      | 5685 ||| Stepping ~*~*~tactically~*~*~ (hiding).
  5971 | D:5      | 5971 ||| RIP OSSUARY
  6016 | D:5      | 6016 ||| PLANNING D:1-11
  6092 | D:5      | Reached skill level 10 in Axes
  6092 | D:5      | Reached XP level 8. HP: 69/69 MP: 7/7
  6103 | D:5      | Reached skill level 6 in Fighting
  6183 | D:5      | Identified the +1 leather armour "Quotiuf" {Contam Will+
                  | Str+2 Int+3}
  6223 | D:5      | 6223 ||| INVOKING Berserk.
  6423 | D:5      | Found a glowing golden altar of the Shining One.
  6675 | D:5      | 6675 ||| UPGRADING to +1 pair of boots of the Elephant
                  | {rElec rN+ Str+4}.
  6685 | D:5      | 6685 ||| DROPPING +1 pair of boots.
  6686 | D:5      | 6686 ||| UPGRADING to +0 chain mail.
  6696 | D:5      | 6696 ||| DROPPING +0 ring mail.
  6697 | D:5      | 6697 ||| UPGRADING to +0 plate armour.
  6707 | D:5      | 6707 ||| DROPPING +0 chain mail.
  6708 | D:5      | 6708 ||| DRINKING 2 dark potions.
  6709 | D:5      | 6709 ||| DRINKING 3 amethyst potions.
  6814 | D:5      | 6814 ||| DRINKING 2 green potions.
  6815 | D:5      | 6815 ||| READING 2 scrolls of identify.
  6815 | D:5      | 6815 ||| IDENTIFYING purple potion
  6816 | D:5      | 6816 ||| DROPPING 2 potions of berserk rage.
  6846 | D:6      | Reached skill level 3 in Armour
  7014 | D:6      | 7014 ||| INVOKING Berserk.
  7266 | D:6      | 7266 ||| Stepping ~*~*~tactically~*~*~ (hiding).
  7268 | D:6      | 7268 ||| INVOKING Berserk.
  7275 | D:6      | Reached skill level 11 in Axes
  7432 | D:6      | 7432 ||| Stepping ~*~*~tactically~*~*~ (hiding).
  7552 | D:6      | Found an iron altar of Okawaru.
  7553 | D:6      | 7553 ||| SWAPPING to +0 war axe.
  7554 | D:6      | 7554 ||| DROPPING +0 hand axe.
  7577 | D:6      | Reached skill level 3 in Throwing
  7700 | D:6      | 7700 ||| INVOKING Berserk.
  7969 | D:6      | 7969 ||| FLEEEEING.
  7970 | D:6      | 7970 ||| FLEEEEING.
  7972 | D:6      | 7972 ||| FLEEEEING.
  7973 | D:6      | 7973 ||| FLEEEEING.
  7974 | D:6      | 7974 ||| FLEEEEING.
  7976 | D:6      | 7976 ||| STAIRDANCE
  8053 | D:5      | 8053 ||| UPGRADING to ring of protection from cold.
  8055 | D:5      | 8055 ||| READING 2 scrolls of identify.
  8055 | D:5      | 8055 ||| IDENTIFYING white potion
  8541 | D:7      | Reached XP level 9. HP: 75/75 MP: 8/8
  8555 | D:7      | Noticed Prince Ribbit
  8556 | D:7      | 8556 ||| INVOKING Berserk.
  8565 | D:7      | Reached skill level 12 in Axes
  8566 | D:7      | Killed Prince Ribbit
  8840 | D:7      | Noticed Maggie
  8849 | D:7      | Killed Maggie
  8850 | D:7      | Reached skill level 6 in Armour
  8903 | D:7      | 8903 ||| SWAPPING to +0 war axe of draining.
  8904 | D:7      | 8904 ||| DROPPING +0 war axe.
  8912 | D:7      | Noticed Pikel
  8916 | D:7      | 8916 ||| INVOKING Berserk.
  8918 | D:7      | Killed Pikel
  8919 | D:7      | Reached skill level 13 in Axes
  9150 | D:7      | 9150 ||| Stepping ~*~*~tactically~*~*~ (hiding).
  9152 | D:7      | 9152 ||| Stepping ~*~*~tactically~*~*~ (hiding).
  9415 | D:7      | Found a staircase to the Ecumenical Temple.
  9574 | D:7      | 9574 ||| READING scroll labelled GIGATORHAI.
  9607 | D:8      | Noticed Joseph
  9608 | D:8      | 9608 ||| Stepping ~*~*~tactically~*~*~ (hiding).
  9625 | D:8      | 9625 ||| INVOKING Berserk.
  9628 | D:8      | Killed Joseph
  9858 | D:8      | Reached XP level 10. HP: 86/88 MP: 9/9
  9881 | D:8      | 9881 ||| DROPPING +0 flail.
  9918 | D:8      | 9918 ||| INVOKING Berserk.
 10459 | D:8      | 10459 ||| Stepping ~*~*~tactically~*~*~ (stealth).
 10468 | D:8      | 10468 ||| INVOKING Berserk.
 10475 | D:8      | Reached skill level 14 in Axes
 10735 | D:8      | 10735 ||| DROPPING ring of flight.
 10736 | D:8      | 10736 ||| READING 3 scrolls of identify.
 10736 | D:8      | 10736 ||| IDENTIFYING viscous clear potion
 10737 | D:8      | 10737 ||| READING 2 scrolls of identify.
 10737 | D:8      | 10737 ||| IDENTIFYING silvery potion
 10738 | D:8      | 10738 ||| DROPPING potion of magic.
 10739 | D:8      | 10739 ||| DROPPING potion of ambrosia.
 10773 | D:9      | 10773 ||| Stepping ~*~*~tactically~*~*~ (stealth).
 10774 | D:9      | 10774 ||| Stepping ~*~*~tactically~*~*~ (stealth).
 10784 | D:9      | Identified the +9 mace "Gulaetat" {antimagic, Str+2 Stlth+}
 10790 | D:9      | 10790 ||| INVOKING Berserk.
 10801 | D:9      | 10801 ||| DRINKING 3 potions of curing.
 10801 | D:9      | 10801 ||| (to cure confusion)
 10810 | D:9      | HP: 19/88 [orc/the +9 mace "Gulaetat" {antimagic, Str+2
                  | Stlth+} (7)]
 10810 | D:9      | HP: 9/87 [wight/+0 battleaxe (2)]
 10811 | D:9      | 10811 ||| READING 3 scrolls of teleportation.
 10812 | D:9      | HP: 1/87 [wight/+0 battleaxe (7)]
 10812 | D:9      | Slain by an orc

Levels and vault maps discovered:
D:1:      saegor_arrival_miasma, layout_basic
D:2:      layout_basic, ebering_ecumenical_altar_sacrificial,
          minmay_shallow_snake_nest
D:3:      layout_basic, amcnicky_altar_gilded, mainiacjoe_overflow_tiny_flanked,
          small_statue_alley_b
D:4:      layout_basic, mainiacjoe_overflow_brackets,
          cheibrodos_sewer_entry_bend, nrook_campfire, minmay_manual_mares
D:5:      layout_cave_pods, nicolae_tso_carved_into_rock,
          nicolae_ossuary_entry_catacombs
D:6:      layout_basic, okawaru_metal_pillars_3, ebering_dispersal_statue_hall,
          kennysheep_path_1
D:7:      layout_loops_corners, minmay_temple_entry_statues_pillars,
          uniq_maggie, uniq_prince_ribbit1, uniq_pikel
D:8:      layout_loops_ring, minmay_lizard_king, uniq_joseph
D:9:      layout_loops_corners, erik_orc_4

Skill      XL: |  1  2  3  4  5  6  7  8  9 10 |
---------------+-------------------------------+-----
Axes           | 4 5 6 7 9 10 11 13 14 | 14.6
Fighting       | 4 5 6 8 |  8.1
Dodging        | 3 |  3.2
Throwing       | 2 3 |  3.3
Armour         | 5 7 |  7.0

Action                   |  1- 3 |  4- 6 |  7- 9 | 10-12 || total
-------------------------+-------+-------+-------+-------++-------
Melee: Hand axe          |    56 |   178 |   113 |       ||   347
       Headbutt          |     7 |    33 |    39 |     8 ||    87
       Punch             |       |     3 |     3 |     1 ||     7
       War axe           |       |       |    80 |    48 ||   128
Throw: Javelin           |       |       |    44 |     6 ||    50
Invok: Berserk           |     3 |       |    10 |     3 ||    16
  Use: Scroll            |     5 |     7 |     5 |     3 ||    20
       Potion            |       |     1 |     3 |     1 ||     5
Armor: Animal skin       |     4 |       |       |       ||     4
       Ring mail         |     6 |    55 |    20 |       ||    81
       Plate armour      |       |       |    51 |    37 ||    88
Dodge: Dodged            |    31 |   104 |    60 |    24 ||   219

Table legend:
 A = Non-vault XP
 B = Vault XP
 C = Vault XP percentage of total XP
 D = Non-vault monster count
 E = Vault monster count
 F = Vault count percentage of total count
                 A         B        C        D         E       F
            +---------+---------+-------+---------+---------+-------
      Total |    3473 |    3498 |  50.2 |     131 |      76 |  36.7
            +---------+---------+-------+---------+---------+-------
        D:1 |      34 |       0 |   0.0 |      14 |       0 |   0.0
        D:2 |     122 |      22 |  15.3 |      19 |       6 |  24.0
        D:3 |      37 |       0 |   0.0 |      22 |       0 |   0.0
        D:4 |     507 |     232 |  31.4 |      12 |       3 |  20.0
        D:5 |     279 |     330 |  54.2 |      16 |       6 |  27.3
        D:6 |    1003 |       0 |   0.0 |      21 |       0 |   0.0
        D:7 |     715 |    1352 |  65.4 |      11 |       3 |  21.4
        D:8 |     613 |     865 |  58.5 |      13 |       5 |  27.8
        D:9 |     163 |     504 |  75.6 |       3 |      15 |  83.3
      Sewer |       0 |     193 | 100.0 |       0 |      38 | 100.0
            +---------+---------+-------+---------+---------+-------
